[Event "Team 45 45 League T50"]
[Site "Internet Chess Club"]
[Date "2011.09.12"]
[Round "5"]
[White "mrmarck"]
[Black "achessfool"]
[Result "0-1"]
[WhiteElo "1315"]
[BlackElo "1563"]
[Opening "Queen's pawn game"]
[ECO "D04"]
[Time "18:00:09"]
[TimeControl "2700+45"]

1. d4 Nf6 2. Nf3 d5 3. e3 b6 4. Be2 Bb7 5. c3 e6 6. O-O Bd6 7. Nbd2 O-O 8. Re1
Nbd7 9. Nf1 c5 10. b3 Ne4 11. Bb2 Rc8 12. Rc1 Ndf6 13. c4 Ng4 14. cxd5 exd5 15.
Ng3 Nexf2 16. Qc2 Bxg3 17. hxg3 Nxe3 18. Qd2 Nfg4 19. Ne5 Nxe5 20. Qxe3 Nd7 21.
Qf4 Qf6 22. Qg4 Rfd8 23. Bd3 Qh6 24. Rc2 Nf6 25. Qf3 cxd4 26. Rxc8 Rxc8 27. Bxd4
Rc1 28. Qe2 Rxe1+ 29. Qxe1 Bc6 30. Qe7 Nd7 31. Qd8+ Nf8 32. Qe7 Qd2 33. Bxg7
Qd1+ 34. Kh2 Qh5+ 35. Kg1 Kxg7 36. Be2 Qg6 37. Qe5+ Qf6 38. Qc7 d4 39. Qxa7 Qe5
40. Bc4 Qe3+ 41. Kh2 Qh6+ 42. Kg1 Ne6 43. Qxb6 Ng5 44. Qxd4+ Qf6 45. Qg4 h6 46.
a4 Qa1+ 47. Kh2 Qb2 48. Bf1 Qxb3 49. Qd4+ Kf8 50. Qh8+ Ke7 51. Qe5+ Ne6 52. Qc7+
{White resigns} 0-1

[Event "Team 45 45 League T50"]
[Site "Internet Chess Club"]
[Date "2011.09.11"]
[Round "5"]
[White "Morphys-GGS"]
[Black "bowwrestler"]
[Result "1-0"]
[WhiteElo "1474"]
[BlackElo "1239"]
[Opening "Scandinavian: Pytel-Wade variation"]
[ECO "B01"]
[Time "16:02:19"]
[TimeControl "2700+45"]

1. e4 d5 2. exd5 Qxd5 3. Nc3 Qd6 4. d4 Nf6 5. Bc4 a6 6. Qf3 Nc6 7. Bf4 Qd7 8.
O-O-O e6 9. d5 Nb4 10. dxe6 Qe7 11. exf7+ Qxf7 12. Bxf7+ Kxf7 13. Bxc7 Bc5 14.
a3 Nc6 15. Ne4 Be7 16. Nxf6 Bxf6 17. Qb3+ Kg6 18. Nf3 Re8 19. Rhe1 Rxe1 20. Rxe1
b5 21. Ne5+ Nxe5 22. Bxe5 Bxe5 23. Rxe5 Bf5 24. Qg3+ Kf6 25. Qf3 Rc8 26. Qxf5#
{Black checkmated} 1-0

[Event "Team 45 45 League T50"]
[Site "Internet Chess Club"]
[Date "2011.09.09"]
[Round "5"]
[White "PT105"]
[Black "TheronUAL"]
[Result "0-1"]
[WhiteElo "1375"]
[BlackElo "1586"]
[Opening "Caro-Kann: exchange variation"]
[ECO "B13"]
[Time "21:00:06"]
[TimeControl "2700+45"]

1. e4 c6 2. d4 d5 3. exd5 cxd5 4. Nc3 Nf6 5. Bg5 e6 6. Nf3 Nbd7 7. Bb5 a6 8.
Bxd7+ Bxd7 9. Ne5 Be7 10. O-O h6 11. Bh4 g5 12. Bg3 h5 13. h3 Bd6 14. Nxf7 Kxf7
15. Bxd6 Bc6 16. Be5 g4 17. h4 Rg8 18. Qd3 Ke8 19. f3 b5 20. fxg4 Nxg4 21. Qh7
Qe7 22. Rf7 Qxf7 23. Qxf7+ Kxf7 24. Bd6 Ke8 25. Re1 Kd7 26. Bc5 Rg6 27. Ne2 Nf6
28. Nf4 Rg4 29. Nh3 Ne4 30. Bb6 Rag8 31. Rf1 Rxg2+ 32. Kh1 Rxc2 33. Rf7+ Ke8 34.
Rh7 Rgg2 35. Rh8+ Kf7 36. Rh7+ Kg8 37. Rh6 Ng3# {White checkmated} 0-1

[Event "Team 45 45 League T50"]
[Site "Internet Chess Club"]
[Date "2011.09.13"]
[Round "5"]
[White "milesotoole"]
[Black "OOB1"]
[Result "0-1"]
[WhiteElo "1523"]
[BlackElo "1452"]
[Opening "Sicilian: closed, 2...Nc6"]
[ECO "B23"]
[Time "22:04:03"]
[TimeControl "2700+45"]

1. e4 c5 2. Nc3 Nc6 3. Bb5 e6 4. Bxc6 bxc6 5. f4 Qh4+ 6. g3 Qd8 7. Nf3 Nf6 8. d3
Ba6 9. O-O Be7 10. e5 Nd5 11. Ne4 O-O 12. c4 Nc7 13. Be3 f6 14. Nxc5 Bc8 15. Ne4
d6 16. exd6 Bxd6 17. Nxd6 Qxd6 18. Re1 e5 19. Qb3 Bg4 20. c5+ Qe6 21. Qxe6+ Nxe6
22. Kg2 exf4 23. Bxf4 Bxf3+ 24. Kxf3 Nd4+ 25. Kf2 Nc2 26. Rab1 Nxe1 27. Rxe1
Rfe8 28. Rd1 g5 29. Bd6 Re6 30. b4 Rae8 31. a4 Re2+ 32. Kf1 Rxh2 33. b5 Rh1+
{White resigns} 0-1

[Event "Team 45 45 League T50"]
[Site "Internet Chess Club"]
[Date "2011.09.10"]
[Round "5"]
[White "PaleMetaphor"]
[Black "chicopee-ed"]
[Result "0-1"]
[WhiteElo "1362"]
[BlackElo "1354"]
[Opening "Vienna: Paulsen-Mieses variation"]
[ECO "C26"]
[Time "18:00:31"]
[TimeControl "2700+45"]

1. e4 e5 2. Nc3 Nf6 3. g3 d5 4. Bg2 c6 5. d3 Bb4 6. exd5 cxd5 7. a3 Bxc3+ 8.
bxc3 h6 9. Nf3 Nc6 10. Qe2 O-O 11. O-O Re8 12. Be3 Qd6 13. Qd2 Ng4 14. h3 Nxe3
15. fxe3 Be6 16. Kh2 Ne7 17. d4 e4 18. Ne5 f6 19. Ng4 Bxg4 20. hxg4 Rac8 21.
Rfb1 b6 22. Bh3 Rc7 23. a4 Nc6 24. Bf1 Na5 25. Bb5 Nc4 26. Bxc4 Rxc4 27. Rb4
Rec8 28. Ra3 Kh7 29. a5 Rxc3 30. Rxc3 Qxb4 31. Rxc8 {White resigns} 0-1

[Event "Team 45 45 League T50"]
[Site "Internet Chess Club"]
[Date "2011.09.11"]
[Round "5"]
[White "fuzzface"]
[Black "Visin"]
[Result "0-1"]
[WhiteElo "1341"]
[BlackElo "1429"]
[Opening "Old Indian defense"]
[ECO "A42"]
[Time "09:33:43"]
[TimeControl "2700+45"]

1. d4 d6 2. c4 g6 3. Nf3 Bg7 4. e3 Nf6 5. h3 b6 6. Be2 Nbd7 7. O-O O-O 8. Nc3
Bb7 9. b3 Ne4 10. Bb2 e5 11. d5 Nxc3 12. Bxc3 Nc5 13. Nd2 a5 14. a4 Bc8 15. e4
Bh6 16. Qb1 Bd7 17. Qc2 f5 18. b4 axb4 19. Bxb4 Bxd2 20. Bxd2 Nxe4 21. Bh6 Rf7
22. Bf3 Nc5 23. g4 fxg4 24. Bxg4 Bxg4 25. hxg4 Qh4 26. g5 Qg4+ 27. Kh1 Qe4+ 28.
Qxe4 Nxe4 29. Kg2 Nc3 30. Kg3 Re7 31. f4 exf4+ 32. Kxf4 Rf7+ 33. Ke3 Ra6 34.
Rxf7 Kxf7 35. Rf1+ Ke7 36. Bf8+ Kd7 37. Bh6 Rxa4 38. Rf7+ Kc8 39. Rxh7 Ra3 40.
Rh8+ Kb7 41. Kf4 Ne2+ 42. Ke4 Ng3+ 43. Kd4 Nf5+ 44. Ke4 Rh3 45. Rg8 Rh4+ 46. Kd3
Nxh6 47. Rxg6 Nf5 48. Kc3 Rg4 49. Kb4 Ng3 50. Rg8 Ne4 51. g6 Nf6 52. Rg7 Nh5 53.
Rg8 c6 54. Rh8 Ng7 55. dxc6+ Kxc6 56. Rc8+ Kd7 57. Rb8 Rxg6 58. Rxb6 Kc7 59. Ra6
Ne6 60. Kb5 Rg5+ 61. Kb4 Nd4 62. Kc3 Nc6 63. Kd2 Ra5 64. Rxa5 Nxa5 65. Kd3 Kc6
66. Kd4 Nb7 67. Kc3 Kc5 68. Kd3 Na5 69. Kc3 Nxc4 70. Kd3 d5 71. Kc3 Nb6 72. Kb3
Kd4 73. Kc2 Ke3 74. Kd1 d4 75. Ke1 Kd3 76. Kd1 Na4 77. Ke1 Kc2 78. Ke2 d3+
{White resigns} 0-1

[Event "Team 45 45 League T50"]
[Site "Internet Chess Club"]
[Date "2011.09.18"]
[Round "5"]
[White "PJ"]
[Black "AntonioMendonca"]
[Result "1-0"]
[WhiteElo "1844"]
[BlackElo "1461"]
[Opening "French: Winawer, advance variation"]
[ECO "C18"]
[Time "14:00:14"]
[TimeControl "2700+45"]

1. e4 e6 2. d4 d5 3. Nc3 Bb4 4. e5 c5 5. a3 Bxc3+ 6. bxc3 Qa5 7. Bd2 Nc6 8. Nf3
Bd7 9. Qc1 Qa4 10. Qb2 cxd4 11. cxd4 a6 12. Bd3 f6 13. O-O fxe5 14. Nxe5 Nge7
15. Nxd7 Kxd7 16. Qxb7+ Kd6 17. Bf4+ e5 18. Bxe5+ Nxe5 19. dxe5+ Ke6 20. Qb6+
Nc6 21. Qc7 Rhd8 22. f4 Ne7 23. f5+ Kf7 24. f6 Rd7 25. e6+ Kxe6 26. Rae1+ {Black
resigns} 1-0

[Event "Team 45 45 League T50"]
[Site "Internet Chess Club"]
[Date "2011.09.11"]
[Round "5"]
[White "Kheeljoi"]
[Black "Portola"]
[Result "0-1"]
[WhiteElo "1718"]
[BlackElo "1776"]
[Opening "French: advance, Nimzovich system"]
[ECO "C02"]
[Time "18:01:46"]
[TimeControl "2700+45"]

1. e4 e6 2. d4 d5 3. e5 c5 4. Nf3 Qb6 5. Bd3 Bd7 6. O-O cxd4 7. Nbd2 Nc6 8. Nb3
Nge7 9. a3 Ng6 10. Re1 Be7 11. h3 O-O 12. Bxg6 fxg6 13. Nbxd4 Nxd4 14. Qxd4 Bc5
15. Qh4 a5 16. a4 Rf5 17. b3 h6 18. Qg3 Raf8 19. Be3 Bxe3 20. fxe3 Qc5 21. Rac1
g5 22. Qg4 Rf4 23. Qg3 Re4 24. Nd4 Qe7 25. Rf1 Rxf1+ 26. Rxf1 h5 27. Qe1 b6 28.
Kh1 Rxe5 29. Qg3 Re4 30. Qb8+ Kh7 31. Qxb6 g4 32. Qxa5 gxh3 33. g3 Rxe3 34. Qd2
Rxg3 35. Rg1 Rxg1+ 36. Kxg1 Qf6 37. c3 Qg6+ 38. Kh2 Qe4 39. a5 e5 40. Nc2 Bg4
41. Ne1 Be2 42. Qc2 Qxc2 43. Nxc2 e4 44. Kxh3 g5 45. Ne3 Kg6 46. Nxd5 Kf5 47. c4
Bg4+ 48. Kg3 Ke5 49. a6 Bc8 50. a7 Bb7 51. b4 Kd4 52. Ne3 Kxe3 53. c5 Kd4 54.
Kf2 h4 55. Ke2 e3 56. Ke1 Kc4 57. Ke2 Kxb4 58. Kxe3 Kxc5 59. Kf2 Kd4 60. Kf1 Ke3
61. Kg1 g4 62. Kh2 Kf3 63. Kg1 Kg3 64. Kf1 Kh2 65. Kf2 g3+ {White resigns} 0-1

[Event "Team 45 45 League T50"]
[Site "Internet Chess Club"]
[Date "2011.09.12"]
[Round "5"]
[White "rubo"]
[Black "dschesq"]
[Result "0-1"]
[WhiteElo "1644"]
[BlackElo "1609"]
[Opening "Bird's opening"]
[ECO "A03"]
[Time "20:02:31"]
[TimeControl "2700+45"]

1. f4 d5 2. Nf3 Bg4 3. e3 Nd7 4. h3 Bxf3 5. Qxf3 e5 6. Qxd5 Qh4+ 7. Kd1 O-O-O 8.
fxe5 Qe7 9. d4 Nxe5 10. Qb3 Nh6 11. Bd3 Nc6 12. Bd2 f5 13. Rf1 g6 14. Na3 Qg5
15. Rf2 Bd6 16. Nc4 Bg3 17. Re2 f4 18. c3 fxe3 19. Bxe3 Bf4 20. Bxf4 Qxf4 21.
Kc2 Nf5 22. Rae1 Nfxd4+ 23. cxd4 Nxd4+ 24. Kc3 Nxb3 25. axb3 Qf6+ 26. Kc2 Qc6
27. Be4 Qb5 28. Bf3 Rhe8 29. Bg4+ Kb8 30. Re5 Rxe5 31. Rxe5 Qc6 32. Bf3 Qd7 33.
Rd5 Qe7 34. Rb5 Qd7 35. Rxb7+ Kc8 36. Rxa7 Qd3+ 37. Kc1 Qf1+ 38. Kc2 Qf2+ {White
resigns} 0-1

[Event "Team 45 45 League T50"]
[Site "Internet Chess Club"]
[Date "2011.09.09"]
[Round "5"]
[White "nanning"]
[Black "AtomicDog"]
[Result "1-0"]
[WhiteElo "1514"]
[BlackElo "1469"]
[Opening "Réti opening"]
[ECO "A05"]
[Time "09:02:05"]
[TimeControl "2700+45"]

1. Nf3 Nf6 2. g3 e6 3. Bg2 g6 4. d3 Bg7 5. Nbd2 O-O 6. e4 d6 7. O-O Nc6 8. Rb1
Bd7 9. Nb3 Qe7 10. Be3 Ng4 11. Bd2 f6 12. Qc1 Nge5 13. Nxe5 Nxe5 14. f4 Ng4 15.
h3 Nh6 16. f5 Nf7 17. g4 Ne5 18. Nd4 c5 19. fxe6 Be8 20. Ne2 Qxe6 21. Nf4 Qd7
22. Nd5 Qd8 23. Bh6 g5 24. Bxg7 Kxg7 25. Qd2 h6 26. b4 Bd7 27. bxc5 Bc6 28. cxd6
Qxd6 29. Qb4 Qd7 30. Qe7+ Rf7 31. Qxd7 Nxd7 32. Ne3 Rd8 33. Nf5+ Kg6 34. Nd6 Re7
35. Nxb7 {Black resigns} 1-0

[Event "Team 45 45 League T50"]
[Site "Internet Chess Club"]
[Date "2011.09.11"]
[Round "5"]
[White "aphort0212"]
[Black "gandre"]
[Result "0-1"]
[WhiteElo "1617"]
[BlackElo "1717"]
[Opening "French: Tarrasch"]
[ECO "C03"]
[Time "11:12:38"]
[TimeControl "2700+45"]

1. e4 e6 2. d4 d5 3. Nd2 Be7 4. Bd3 c5 5. c3 Nc6 6. Ne2 dxe4 7. Bxe4 Qc7 8. Nf3
Nf6 9. Bc2 cxd4 10. Nexd4 O-O 11. O-O Rd8 12. Qe2 Nxd4 13. Nxd4 a6 14. Bg5 Bd7
15. h4 e5 16. h5 Qc5 17. Rfe1 exd4 18. Qxe7 Qxe7 19. Rxe7 Nxh5 20. Bb3 Be6 21.
Bxe6 fxe6 22. Rxe6 Rd5 23. Bd2 Rf8 24. cxd4 Rxd4 25. Be3 Rd7 26. Re1 h6 27. Bc5
Rc8 28. Re8+ Rxe8 29. Rxe8+ Kf7 30. Rf8+ Kg6 31. Be3 Rd1+ 32. Kh2 Rb1 33. Bd4
Rd1 34. Bc3 Rd7 35. g3 Rf7 36. Rxf7 Kxf7 37. Kg2 Nf6 38. Kf3 h5 39. Bd4 g6 40.
Kf4 Nd5+ 41. Ke5 Nb4 42. a3 Nc6+ 43. Kd5 Nxd4 44. Kxd4 Ke6 45. Kc5 g5 46. Kb6 h4
{White resigns} 0-1

[Event "Team 45 45 League T50"]
[Site "Internet Chess Club"]
[Date "2011.09.11"]
[Round "5"]
[White "Just-Jim"]
[Black "Oscar"]
[Result "0-1"]
[WhiteElo "1335"]
[BlackElo "1517"]
[Opening "French: advance variation"]
[ECO "C02"]
[Time "18:01:14"]
[TimeControl "2700+45"]

1. d4 e6 2. e4 d5 3. e5 c5 4. c3 Nc6 5. Bb5 Ne7 6. Bg5 Bd7 7. Nf3 Qb6 8. a4 c4
9. Qc2 a6 10. Bxc6 Nxc6 11. O-O Na5 12. Nbd2 Rc8 13. Rfb1 Nb3 14. Nxb3 cxb3 15.
Qd1 Rc4 16. Nd2 Rxa4 17. Nxb3 Bb5 18. Nc5 Rxa1 19. Rxa1 Bxc5 20. dxc5 Qxc5 21.
Be3 Qc7 22. f4 O-O 23. g4 Rc8 24. h4 Qc4 25. Kf2 Qe4 26. h5 Rc4 27. Qd2 h6 28.
Rg1 Ra4 29. g5 hxg5 30. Rxg5 Qh1 31. Rg1 Qxh5 32. Qc2 Qh2+ 33. Rg2 Qh4+ 34. Rg3
Ra1 35. Bc1 Bf1 36. Kf3 Qh1+ 37. Ke3 Qh4 38. Kf3 Qh1+ 39. Ke3 Bc4 40. Qd2 Qxc1
41. Qxc1 Rxc1 42. Kd2 Rf1 43. Ke3 a5 44. Rg2 a4 45. Rf2 Re1+ 46. Kd2 Ra1 47. f5
Ra2 48. Kc1 a3 49. fxe6 fxe6 50. Rd2 axb2+ 51. Rxb2 Rxb2 52. Kxb2 Kf7 53. Kc2
Kg6 54. Kd2 Kf5 55. Ke3 Kxe5 56. Kf3 Kf5 {White resigns} 0-1

[Event "Team 45 45 League T50"]
[Site "Internet Chess Club"]
[Date "2011.09.16"]
[Round "5"]
[White "chess9793"]
[Black "AronT"]
[Result "0-1"]
[WhiteElo "2107"]
[BlackElo "2209"]
[Opening "French: Tarrasch, closed variation, main line"]
[ECO "C06"]
[Time "21:07:20"]
[TimeControl "2700+45"]

1. e4 e6 2. d4 d5 3. Nd2 Nf6 4. e5 Nfd7 5. Bd3 c5 6. c3 Nc6 7. Ne2 cxd4 8. cxd4
f6 9. exf6 Nxf6 10. O-O Bd6 11. Nf3 Qc7 12. Bg5 O-O 13. Rc1 Qb6 14. Nc3 Qxb2 15.
Nb5 Bb8 16. Bd2 a6 17. Rc2 Qxc2 18. Qxc2 axb5 19. Bxb5 Bd7 20. a4 Bd6 21. Qb1
Ne4 22. Ng5 Nxg5 23. Bxg5 Be8 24. Be3 Bg6 25. Qd1 Na5 26. Bd7 Bf7 27. Qg4 h5 28.
Qh3 Ra6 29. Bg5 Nc4 30. Re1 e5 31. Bb5 Rb6 32. dxe5 Bxe5 33. Be7 Ra8 34. Bc5 Re6
35. g3 b6 36. Bd4 Bxd4 37. Rxe6 Rf8 38. Re2 Ne5 39. Rc2 Ng4 40. Qg2 Nxf2 41. Rd2
Bc5 42. Kf1 Ne4 43. Rb2 Be6+ 44. Ke1 Bg4 45. Rc2 Bb4+ {White resigns} 0-1

[Event "Team 45 45 League T50"]
[Site "Internet Chess Club"]
[Date "2011.09.11"]
[Round "5"]
[White "wilson97"]
[Black "FourKnights"]
[Result "1/2-1/2"]
[WhiteElo "1901"]
[BlackElo "1712"]
[Opening "Sicilian: Najdorf, Byrne (English) attack"]
[ECO "B85"]
[Time "15:18:44"]
[TimeControl "2700+45"]

1. e4 c5 2. Nf3 d6 3. d4 cxd4 4. Nxd4 Nf6 5. Nc3 a6 6. Be3 e6 7. Be2 Be7 8. O-O
O-O 9. f4 Nc6 10. Bf3 Bd7 11. Qd2 Nxd4 12. Bxd4 Bc6 13. Rad1 Nd7 14. f5 Bg5 15.
Be3 Bxe3+ 16. Qxe3 Ne5 17. Qd4 Nxf3+ 18. Rxf3 exf5 19. Rxf5 Re8 20. Qxd6 Qxd6
21. Rxd6 Bxe4 22. Nxe4 Rxe4 23. Rd7 Rf8 24. Rxb7 Re2 25. Rc7 f6 26. Rd5 Rfe8 27.
h3 R2e7 28. Rxe7 Rxe7 29. Kf1 Kf7 30. Rd6 a5 31. Rd5 a4 32. b3 axb3 33. cxb3 Ra7
34. a4 Rb7 35. Rd3 Ke6 36. a5 Rb5 37. b4 Rxb4 38. Ra3 Rb7 39. a6 Ra7 40. Kf2 Kd6
41. Kf3 Kc6 42. Kf4 g6 43. Ke4 h5 44. h4 Re7+ 45. Kd4 Ra7 46. Rf3 Rf7 47. Re3
Kb6 48. Re6+ Ka7 49. Kd5 g5 50. hxg5 fxg5 51. Rg6 Rf5+ 52. Ke6 Ra5 53. Kf6 g4
54. Rg5 Rxa6+ 55. Kf5 Ra2 56. Rg7+ Kb6 57. g3 Ra3 58. Rg6+ {Game drawn by mutual
agreement} 1/2-1/2

[Event "Team 45 45 League T50"]
[Site "Internet Chess Club"]
[Date "2011.09.11"]
[Round "5"]
[White "mitus"]
[Black "leland"]
[Result "1/2-1/2"]
[WhiteElo "1855"]
[BlackElo "1846"]
[Opening "French: Rubinstein variation"]
[ECO "C10"]
[Time "15:02:11"]
[TimeControl "2700+45"]

1. e4 e6 2. d4 d5 3. Nc3 dxe4 4. Nxe4 Nd7 5. Nf3 Ngf6 6. Nxf6+ Nxf6 7. Bg5 Be7
8. Bd3 h6 9. Bh4 Nd5 10. Bxe7 Qxe7 11. O-O b6 12. c4 Nf6 13. d5 O-O 14. Re1 Qb4
15. dxe6 Bxe6 16. Qc2 Rad8 17. Rad1 Qc5 18. Ne5 Rfe8 19. b4 Qf8 20. a3 a5 21.
Qc3 axb4 22. axb4 Bc8 23. c5 Nd5 24. Qb3 Be6 25. Bc4 Nf4 26. Bxe6 Nxe6 27. Rd7
Rxd7 28. Nxd7 Nd4 29. Qd1 Rxe1+ 30. Qxe1 Qc8 31. Ne5 Nc2 32. Qd2 Qf5 33. Qd8+
Kh7 34. Qd3 Qxd3 35. Nxd3 Kg6 36. Kf1 Kf5 37. cxb6 cxb6 38. Ke2 Ke4 39. Kd2 Nd4
40. Kc3 Nb5+ 41. Kc4 Nd6+ 42. Kc3 Kd5 43. Nf4+ Ke5 44. Nd3+ {Game drawn by
mutual agreement} 1/2-1/2

[Event "Team 45 45 League T50"]
[Site "Internet Chess Club"]
[Date "2011.09.11"]
[Round "5"]
[White "Buckeye22"]
[Black "Chess-Dream"]
[Result "0-1"]
[WhiteElo "2015"]
[BlackElo "2059"]
[Opening "QGD Slav: Dutch variation"]
[ECO "D18"]
[Time "13:00:21"]
[TimeControl "2700+45"]

1. d4 d5 2. c4 c6 3. Nf3 Nf6 4. Nc3 dxc4 5. a4 Bf5 6. e3 e6 7. Bxc4 Bb4 8. O-O
O-O 9. Nh4 Bg4 10. f3 Bh5 11. g4 Bg6 12. e4 Nxe4 13. Nxg6 Nxc3 14. Qd3 Ne2+ 15.
Qxe2 hxg6 16. Be3 Nd7 17. Bb3 Nf6 18. Bf2 Nd5 19. Qe4 Bd6 20. Bg3 Qc7 21. Kg2
Rad8 22. f4 Qb6 23. Qd3 a5 24. Rad1 Nb4 25. Qe4 Rfe8 26. f5 exf5 27. Qf3 Bxg3
28. gxf5 Nd5 29. Bxd5 Qxb2+ 30. Kxg3 Rxd5 31. Rf2 Qb4 32. fxg6 Qd6+ 33. Kg2
Qxg6+ 34. Kf1 Rg5 35. Rg2 Rxg2 36. Qxg2 Qxg2+ 37. Kxg2 Re2+ 38. Kg3 Rb2 39. d5
cxd5 40. Rxd5 b6 41. Rd8+ Kh7 42. Rb8 Rb4 43. Rb7 Kg6 44. Kf3 f6 45. Kg3 Kh6 46.
Kf3 g5 47. Kg3 Kg6 48. Rb8 Kf5 49. Kf3 Rb3+ 50. Kg2 Kf4 51. Rc8 Rb4 52. Rc6 f5
53. Kf2 Rb2+ 54. Kg1 Rb4 55. Kf2 Rxa4 56. Rxb6 Rb4 57. Rc6 a4 58. Rc3 g4 59. Kg2
Ke4 60. h3 gxh3+ 61. Rxh3 Rb5 62. Rh8 Ra5 63. Re8+ Kf4 {White resigns} 0-1

[Event "Team 45 45 League T50"]
[Site "Internet Chess Club"]
[Date "2011.09.11"]
[Round "5"]
[White "Legal"]
[Black "snottgoblin"]
[Result "1/2-1/2"]
[WhiteElo "2023"]
[BlackElo "2040"]
[Opening "Sicilian: Scheveningen (Paulsen), classical variation"]
[ECO "B84"]
[Time "14:18:51"]
[TimeControl "2700+45"]

1. e4 c5 2. Nf3 d6 3. d4 cxd4 4. Nxd4 Nf6 5. Nc3 a6 6. Be2 e6 7. O-O Be7 8. Kh1
O-O 9. f4 Qc7 10. f5 Kh8 11. Bg5 Nc6 12. Qd2 Nxd4 13. Qxd4 b5 14. a4 b4 15. Qxb4
d5 16. Qd4 dxe4 17. fxe6 fxe6 18. Nxe4 e5 19. Qe3 Bb7 20. Bxf6 gxf6 21. Ng3 Rae8
22. c3 Rg8 23. Bf3 Bc5 24. Qe2 e4 25. Bg4 Qg7 26. h3 Ba7 27. Rad1 Qc7 28. Rd7
Qxg3 29. Rxb7 Bb8 30. Rxb8 Qxb8 31. Qxa6 Qxb2 32. Qxf6+ Rg7 33. a5 e3 34. Re1 e2
35. Rxe2 Rxe2 36. Qf8+ Rg8 37. Qf6+ {Game drawn by mutual agreement} 1/2-1/2

[Event "Team 45 45 League T50"]
[Site "Internet Chess Club"]
[Date "2011.09.10"]
[Round "5"]
[White "jefferyx"]
[Black "MOchess-boy"]
[Result "1/2-1/2"]
[WhiteElo "2090"]
[BlackElo "1802"]
[Opening "QGD: Chigorin defense"]
[ECO "D07"]
[Time "21:04:23"]
[TimeControl "2700+45"]

1. d4 d5 2. c4 Nc6 3. Nf3 Bg4 4. e3 e5 5. Be2 exd4 6. Nxd4 Bxe2 7. Qxe2 Nxd4 8.
exd4+ Qe7 9. cxd5 O-O-O 10. Nc3 Qxe2+ 11. Kxe2 Ne7 12. Be3 {Game drawn by mutual
agreement} 1/2-1/2

[Event "Team 45 45 League T50"]
[Site "Internet Chess Club"]
[Date "2011.09.11"]
[Round "5"]
[White "Innes"]
[Black "imgr8"]
[Result "0-1"]
[WhiteElo "1783"]
[BlackElo "2124"]
[Opening "Sicilian: Smith-Morra gambit"]
[ECO "B21"]
[Time "15:05:03"]
[TimeControl "2700+45"]

1. e4 c5 2. d4 cxd4 3. c3 Nf6 4. e5 Nd5 5. cxd4 d6 6. Nf3 Nc6 7. Nc3 dxe5 8. Bc4
Nxc3 9. bxc3 exd4 10. Ba3 Qa5 11. O-O Qxa3 12. Ng5 e6 13. Re1 Be7 14. Qg4 O-O
15. Nxh7 Kxh7 16. cxd4 Qa5 17. Qh3+ Kg8 18. Bd3 g6 19. g4 Qg5 20. Re3 Kg7 21. f4
Qh4 22. Qg2 Rh8 23. h3 Bf6 24. Rg3 Bxd4+ 25. Kh2 Bxa1 26. Qe4 Bd7 27. Rf3 Ne7
{White resigns} 0-1

[Event "Team 45 45 League T50"]
[Site "Internet Chess Club"]
[Date "2011.09.12"]
[Round "5"]
[White "ILRE"]
[Black "katikus"]
[Result "0-1"]
[WhiteElo "1710"]
[BlackElo "1753"]
[Opening "English: Caro-Kann defensive system"]
[ECO "D13"]
[Time "18:00:11"]
[TimeControl "2700+45"]

1. c4 c6 2. Nc3 Nf6 3. Nf3 d5 4. cxd5 cxd5 5. d4 Nc6 6. Bg5 e6 7. a3 h6 8. Bf4
Ne4 9. e3 g5 10. Be5 f6 11. Bg3 h5 12. h4 Nxg3 13. fxg3 g4 14. Nd2 Bd6 15. Ne2
Bd7 16. Nf4 Qb6 17. Qb3 Qxb3 18. Nxb3 Ne7 19. Bd3 e5 20. Ne2 e4 21. Bc2 Nf5 22.
Kf2 Bb5 23. Nf4 Bxf4 24. exf4 e3+ 25. Ke1 Nxg3 26. Bg6+ Ke7 27. Rg1 Ne2 28. Rh1
Nxf4 29. Bf5 Nxg2+ 30. Kd1 Kf7 31. Nc5 e2+ 32. Kd2 e1=Q+ 33. Raxe1 Nxe1 34. Rxe1
Rhe8 35. Nxb7 Rxe1 36. Kxe1 Re8+ 37. Kd2 Re2+ 38. Kc3 Ke7 39. Nc5 g3 {White
resigns} 0-1

[Event "Team 45 45 League T50"]
[Site "Internet Chess Club"]
[Date "2011.09.10"]
[Round "5"]
[White "UnderRated"]
[Black "Helaman"]
[Result "1-0"]
[WhiteElo "1566"]
[BlackElo "1479"]
[Opening "Caro-Kann defense"]
[ECO "B10"]
[Time "16:29:42"]
[TimeControl "2700+45"]

1. e4 c6 2. f4 d5 3. e5 Nh6 4. Be2 c5 5. d4 Nc6 6. c3 Bf5 7. Nf3 e6 8. b4 cxb4
9. Bb2 Be7 10. O-O Qc7 11. Qb3 O-O 12. Nbd2 bxc3 13. Bxc3 Rfc8 14. Rac1 Qd8 15.
Qxb7 Rab8 16. Qa6 Rb6 17. Qa4 Kh8 18. h3 Bf8 19. g4 Bg6 20. Ng5 Bb4 21. h4 Ng8
22. h5 Be4 23. Nxf7# {Black checkmated} 1-0

[Event "Team 45 45 League T50"]
[Site "Internet Chess Club"]
[Date "2011.09.12"]
[Round "5"]
[White "BrandonBee"]
[Black "whiskeytown"]
[Result "1-0"]
[WhiteElo "1527"]
[BlackElo "1436"]
[Opening "Pirc: Byrne variation"]
[ECO "B07"]
[Time "11:01:08"]
[TimeControl "2700+45"]

1. e4 d6 2. d4 Nf6 3. Nc3 g6 4. Bg5 Bg7 5. f4 h6 6. Bh4 O-O 7. Nf3 Bg4 8. h3
Bxf3 9. gxf3 Na6 10. Qd2 c5 11. O-O-O cxd4 12. Qxd4 Nc5 13. e5 Ne6 14. Qe3 Nh5
15. exd6 Qa5 16. dxe7 Rfe8 17. Rd5 Qb6 18. Qxb6 axb6 19. f5 Nef4 20. fxg6 Nxd5
21. gxf7+ Kxf7 22. Nxd5 Rxa2 23. Nc7 Ra1+ 24. Kd2 Raa8 25. Bc4+ Kg6 26. Nxa8
Rxa8 27. Bb5 Nf6 28. Bxf6 Bxf6 29. e8=Q+ Rxe8 30. Bxe8+ Kf5 31. c3 {Black
resigns} 1-0

[Event "Team 45 45 League T50"]
[Site "Internet Chess Club"]
[Date "2011.09.12"]
[Round "5"]
[White "tightfist"]
[Black "houseofcook"]
[Result "1/2-1/2"]
[WhiteElo "1542"]
[BlackElo "1455"]
[Opening "QGD: 3...Nf6"]
[ECO "D35"]
[Time "13:12:45"]
[TimeControl "2700+45"]

1. c4 Nf6 2. d4 e6 3. Nc3 d5 4. e3 Be7 5. Nf3 O-O 6. Bd3 Nbd7 7. cxd5 exd5 8.
O-O c6 9. Qc2 Re8 10. Bd2 Bd6 11. e4 dxe4 12. Nxe4 Nxe4 13. Bxe4 Nf8 14. Ng5 Ng6
15. Bxg6 hxg6 16. Qc4 Qc7 17. g3 Be6 18. Nxe6 Rxe6 19. Rfe1 Rae8 20. Kg2 Qd7 21.
Rxe6 Rxe6 22. d5 cxd5 23. Qxd5 Re5 24. Qd3 Rh5 25. h4 Qc6+ 26. Qf3 Qd7 27. Rd1
Rf5 28. Qb3 Qc6+ 29. Kg1 Bc5 30. Be3 Bxe3 31. Qxe3 Qc2 32. Qd2 Qc7 33. Qd8+ Qxd8
34. Rxd8+ Kh7 35. Rd7 Rb5 36. Rxf7 Rxb2 37. a3 a5 38. Kg2 Rb3 39. a4 b5 40. axb5
Rxb5 41. Ra7 Rd5 42. g4 g5 43. h5 Kh6 44. Ra8 Kh7 45. Kf3 Re5 46. Kg3 Rd5 47.
Re8 a4 48. Re3 Ra5 49. Ra3 Kh6 50. Kf3 g6 51. hxg6 Kxg6 52. Ke4 Kf6 53. Kd4 Kg6
54. Kc4 Kf6 55. Kb4 Ra8 56. Rf3+ Kg6 57. Ka3 Ra6 58. Rd3 Ra5 59. Kb4 Ra8 60.
Rd6+ Kf7 61. Ka3 Ra5 62. Rd4 Ke6 63. f4 gxf4 64. Rxf4 Ke7 65. Rf1 Ke6 66. Re1+
Kf6 67. Rb1 Kg5 68. Rb4 Kh4 69. Rf4 Kg5 70. Rxa4 Rxa4+ 71. Kxa4 Kxg4 {Game drawn
because neither player has mating material} 1/2-1/2

[Event "Team 45 45 League T50"]
[Site "Internet Chess Club"]
[Date "2011.09.09"]
[Round "5"]
[White "LazyPeon"]
[Black "pauliewoll"]
[Result "1-0"]
[WhiteElo "1781"]
[BlackElo "1665"]
[Opening "Sicilian: Alapin's variation (2.c3)"]
[ECO "B22"]
[Time "14:00:08"]
[TimeControl "2700+45"]

1. e4 c5 2. c3 Nf6 3. e5 Nd5 4. d4 cxd4 5. Nf3 e6 6. cxd4 b6 7. Bd3 Bb7 8. a3
Qc7 9. O-O d6 10. Bd2 Nd7 11. Qe2 dxe5 12. dxe5 Nc5 13. Bb5+ Bc6 14. Nd4 Bxb5
15. Qxb5+ Qd7 16. Nc3 Qxb5 17. Ndxb5 Kd7 18. Nxd5 exd5 19. Bc3 a6 20. Nd4 Re8
21. Nf3 Ne4 22. Bd4 Bc5 23. Rad1 Ke6 24. Rfe1 Rc8 25. b4 Bxd4 26. Nxd4+ Ke7 27.
Nf5+ Ke6 28. Nxg7+ Kxe5 29. f3 Kf6 30. Nh5+ Kg5 31. Rxd5+ f5 32. Rxe4 Rc1+ 33.
Kf2 Kxh5 34. Rxf5+ Kg6 35. Rfe5 Rd8 36. Re6+ Kf7 37. Rxb6 Rd2+ 38. Re2 {Black
resigns} 1-0